 Dungeon Crawl Stone Soup version 0.32-a0-401-g0bcb2a7693 (webtiles) character file.

82 Asfel the Trooper (level 4, 0/49 HPs)
             Began as an Oni Berserker on May 19, 2015.
             Was a Believer of Trog.
             Slain by an adder (2 damage)
             ... on level 2 of the Dungeon on Feb 20, 2024.
             The game lasted 00:07:19 (1061 turns).

Asfel the Trooper (Oni Berserker)                   Turns: 1061, Time: 00:07:20

Health: 0/49       AC:  3    Str: 24    XL:     4   Next: 43%
Magic:  4/4        EV: 10    Int:  6    God:    Trog [**....]
Gold:   58         SH:  0    Dex:  9    Spells: 3/3 levels left

rFire   + . .        a - +0 spear
rCold   x . .        (no shield)
rNeg    . . .        b - +0 animal skin
rPois   .            (helmet restricted)
rElec   .            (no cloak)
rCorr   .            (gloves unavailable)
SInv    .            (boots unavailable)
Will    .....        (no amulet)
Stlth   +            f - ring of fire
HPRegen 0.28/turn    g - ring of obsoleteness
MPRegen 0.09/turn

%: no passive effects
@: brilliant, weak-willed
A: large, unfitting armour, tough skin 1, double potion healing, drunken
brawling
a: Renounce Religion, Berserk, Trog's Hand


You were on level 2 of the Dungeon.
You worshipped Trog.
Trog was pleased with you.
You visited 1 branch of the dungeon, and saw 2 of its levels.

You collected 58 gold pieces.

Inventory:

Hand Weapons
 a - a +0 spear (weapon)
Missiles
 d - 14 poisoned darts (quivered)
 e - 17 stones
Armour
 b - a +0 animal skin (worn)
 h - a +0 ring mail
 k - a +0 leather armour
Jewellery
 f - a ring of fire (left hand)
 g - a ring of obsoleteness (right hand)
Potions
 i - a potion of haste
Comestibles
 c - a removed food


   Skills:
 + Level 4.8 Fighting
 + Level 3.6 Polearms
 + Level 3.7 Dodging


You had 3 spell levels left.
You didn't know any spells.
Your spell library was empty.

Dungeon Overview and Level Annotations

Branches:
Dungeon (2/15)

Altars:
Xom


Innate Abilities, Weirdness & Mutations

You are too large for most types of armour.
You have tough skin. (AC +1)
You gain doubled healing and magic from potions.
Whenever you drink a healing potion, you attack all around you.


Message History

Found a scale mail.
An adder comes into view.
Found a stone staircase leading down.
The adder hisses angrily. 2 gnolls come into view.
The gnoll shouts! x2
An endoplasm and a gnoll come into view.
The gnoll shouts!
A hobgoblin comes into view.
You closely miss the adder. The adder bites you but does no damage.
The adder bites you. The adder barely misses you. The adder bites you.
You are poisoned.
The adder poisons you!
You feel sick.
The hobgoblin shouts!
You feel sick.
You feel sick. The adder bites you but does no damage.
You feel sick.
You feel sick. The gnoll hits you with a +0 whip.
The adder attacks as it pursues you! The adder bites you.
You feel sick.
You are no longer poisoned.
The adder attacks as it pursues you! The adder completely misses you.
The gnoll hits you with a +0 club. The adder attacks as it pursues you!
The adder bites you. The adder attacks as it pursues you!
The adder closely misses you. The gnoll attacks as it pursues you!
The gnoll hits you with a +0 flail!
* * * LOW HITPOINT WARNING * * *
The adder bites you but does no damage.
It was a potion of brilliance.
You feel clever all of a sudden. The gnoll hits you with a +0 flail!
* * * LOW HITPOINT WARNING * * *
The adder bites you but does no damage.
As you read the scroll labelled FUAMNYS QEAPT, it crumbles to dust.
A wave of despondency washes over your surroundings.
It was a scroll of vulnerability.
The gnoll misses you. The gnoll closely misses you. The adder bites you.
You die...

.....#. #.[...#..
.....#.##.......#
.............#
...........#
...........#
..##....####
#........g.# #.
.........gg###.#
#######..JS@##..
#...g.###.#########
#......##.........#
#....#.##.....>...##
#.......##.........#
#..................#
#....#.##......._..#
#....#.##..........#
#..###.##)...>.....#


You could see 3 gnolls, an adder (weak-willed), an endoplasm (weak-willed) and a
hobgoblin (weak-willed).

Vanquished Creatures
  Terence (D:2)
  An adder (D:2)
  3 bats (D:1)
  An endoplasm (D:2)
  2 giant cockroaches
  8 goblins
  A hobgoblin (D:2)
  3 jackals (D:1)
  2 ball pythons
  2 frilled lizards
  2 kobolds (D:1)
  3 rats
29 creatures vanquished.

Notes
Turn   | Place    | Note
-------+----------+-------------------------------------------
     0 | D:1      | Asfel the Ogre Berserker began the quest for the Orb.
     0 | D:1      | Reached XP level 1. HP: 24/24 MP: 1/1
   245 | D:1      | Reached XP level 2. HP: 15/32 MP: 2/2
   506 | D:1      | Reached XP level 3. HP: 39/40 MP: 3/3
   869 | D:2      | Reached ** piety under Trog
   880 | D:2      | Noticed Terence
   900 | D:2      | Killed Terence
   901 | D:2      | Reached XP level 4. HP: 27/49 MP: 4/4
   978 | D:2      | Found a shimmering altar of Xom.
  1060 | D:2      | HP: 2/49 [gnoll/+0 flail (8)]
  1061 | D:2      | Slain by an adder

Illustrated notes

Levels and vault maps discovered:
D:1:      lightli_arrival_noodles, hangedman_feature_mirror
D:2:      minmay_chambers_of_twos, layout_rooms, basic_altar,
          minmay_tromino_mix6, uniq_terence, uniq_robin

Skill      XL: |  1  2 |
---------------+-------+-----
Dodging        | 3 |  3.7
Fighting       | |  4.8
Polearms       | |  3.6

Action                     |  1- 3 |  4- 6 || total
---------------------------+-------+-------++-------
  Melee: Spear             |    19 |       ||    19
         Spear             |    80 |    25 ||   105
    Use: Potion            |     4 |     1 ||     5
         Scroll            |       |     1 ||     1
 Armour: Animal skin       |    69 |    22 ||    91
         Skin              |     3 |     6 ||     9
  Dodge: Dodged            |    54 |     8 ||    62

Table legend: (Time is in decaauts)
 A = Elapsed time spent in this place.
 B = Non-inter-level travel time spent in this place.
 C = Inter-level travel time spent in this place.
 D = Time resting spent in this place.
 E = Time spent auto-exploring this place.
 F = Levels seen in this place.
 G = Mean time per level.
                   A        B        C        D        E       F      G
               +--------+--------+--------+--------+--------+-----+--------+
         Total |   1043 |   1040 |      3 |      0 |    540 |   2 |  521.5 |
       Dungeon |   1043 |   1040 |      3 |      0 |    540 |   2 |  521.5 |
               +--------+--------+--------+--------+--------+-----+--------+

Top non-repeatable levels by time:
     D:1: 745 daAuts
     D:2: 173 daAuts
Note: time per level data comes from an upgraded game and may be incomplete.
